 Dungeon Sprint DCSS version 0.20-a0-223-g066d66b (webtiles) character file.

14770 Dfrag the Brawler (level 11, -4/130 (131) HPs)
             Began as a Troll Monk on Nov 30, 2016.
             Was the Champion of Okawaru.
             Slain by a lorocyproca (35 damage)
             ... in the Dungeon (Sprint I: "Red Sonja").
             The game lasted 00:08:07 (2183 turns).

Dfrag the Brawler (Troll Monk)                      Turns: 2183, Time: 00:08:08

HP:   -4/130 (131)  AC: 10    Str: 29    XL:     11   Next: 93%
MP:   0/12          EV: 19    Int:  6    God:    Okawaru [******]
Gold: 1431          SH:  0    Dex: 15    Spells: 10/10 levels left

rFire  . . .     SeeInvis .       - Unarmed
rCold  + . .     Gourm    +     v - +2 robe "Weuxkoq" {rC+ Str+6 Slay+3}
rNeg   . . .     Faith    .     (no shield)
rPois  .         Spirit   .     (helmet restricted)
rElec  .         Reflect  .     p - +2 cloak
rCorr  .         Harm     .     (gloves unavailable)
MR     .....     Rnd*Rage +     (boots unavailable)
Stlth  +......... NoTele   +    (no amulet)
                                (no ring)
                                (no ring)

@: confused
A: unfitting armour, claws 3, berserk 1, fast metabolism 3, gourmand, mutation
resistance 1, regeneration 1, shaggy fur 1, strong 1, tough skin 2, no device
heal 1
a: Heroism, Finesse, Renounce Religion


You were in the Dungeon.
You worshipped Okawaru.
Okawaru was exalted by your worship.
You were not hungry.

You visited 1 branch You collected 2094 gold pieces.
You spent 663 gold pieces at shops.

Inventory:

Armour
 a - a +0 robe
 l - a +1 robe of fire resistance
 n - a +0 troll leather armour
 p - a +2 cloak (worn)
 v - the +2 robe "Weuxkoq" (worn) {rC+ Str+6 Slay+3}
   (Okawaru gifted it to you in the Dungeon)

   It affects your strength (+6).
   It affects your accuracy and damage with ranged weapons and melee attacks
   (+3).
   It protects you from cold.
Wands
 j - a wand of slowing (24/48)
Scrolls
 g - 2 scrolls of magic mapping
 h - 2 scrolls of blinking
 k - a scroll of remove curse
 o - 2 scrolls of identify
 q - a scroll of recharging
 r - a scroll of brand weapon
 w - 2 scrolls of enchant weapon
 x - a scroll of fog {unknown}
Potions
 c - 3 potions of curing
 e - a potion of haste
 f - 2 potions of magic
 i - a potion of flight
 m - a potion of invisibility
 t - a potion of berserk rage
 u - 2 potions of brilliance {unknown}
Comestibles
 b - 2 bread rations
 d - 2 fruits
 s - a beef jerky


   Skills:
 + Level 14.7 Fighting
 - Level 14.3 Dodging
 - Level 1.0 Stealth
 + Level 17.0 Unarmed Combat
 + Level 3.6 Invocations


You had 10 spell levels left.
You didn't know any spells.

Dungeon Overview and Level Annotations

Branches:
Dungeon (1/1)

Altars:
Cheibriados
Dithmenos
Elyvilon
Fedhas
Gozag
Hepliaklqana
Kikubaaqudgha
Makhleb
Nemelex Xobeh
Okawaru
Qazlal
Ru
Sif Muna
Trog
Uskayaw
Vehumet
Xom
Yredelemnul
Zin
The Shining One
Jiyva
Lugonu

Shops:
D *(((:**[=*[%[[**?[=[*


Innate Abilities, Weirdness & Mutations

You are too large for most types of armour.
You have claws for hands.
Your metabolism is lightning-fast.
You like to eat raw meat.
Your natural rate of healing is unusually fast.
You are covered in fur. (AC +1)
You have very tough skin. (AC +2)
You tend to lose your temper in combat.
You are somewhat resistant to further mutation.
Your muscles are strong. (Str +2)
Potions and wands are less effective at restoring your health.


Message History

No target in view!
You scratch something.
You are engulfed in noxious fumes.
Something completely misses you.
Unknown command.
You mangle something!!
You are engulfed in noxious fumes.
You choke on the stench!
You are confused.
Something hits you!!
You're too confused to move!
You are engulfed in noxious fumes.
You choke on the stench!
You are more confused.
Something hits you!!
Unknown command.
You completely miss something. Your claw misses something.
You are engulfed in noxious fumes.
Something hits you!!
* * * LOW HITPOINT WARNING * * *
You feel your power leaking away.
Unknown command.
You bump into the stone wall.
Something hits you!!
You die...

#################################
)'..#__#..'...#..#§§§§÷...§§§'§§#
.#..'..'..#)..##§#§####..§§§##..'
###'#__####)..'§.#§#,*##.§.######
..#(####.§#####.§§§#+#$###'#,,,*#
.##(#≈≈§§§#..##§####..$#y#.#*,,,#
'#..+≈≈≈§§'.§#§§@§^#..$###..###$#
..._#≈≈§§§#§.#^§..§§..$$$##.#A#$#
_.#'##§#####§###...#§....#,.###$#
#'#.#(...###.§§#...###++##,##..$#
#.####'###(###§#§§##*,,***,,*+###
...'.....')∩##.#§.#***,,***,,,*,≈
...###########§##+#,,*,,*,***,*,≈
#.###......§##§#*,*,,,,,,,,,*,***
#'#.#........§.#***,,,,,,,,,*,*,+


There were no monsters in sight!

Vanquished Creatures
  A hydra (D)
  2 centaur warriors (D)
  2 unseen horrors (D)
  A deep troll (D)
  A lindwurm (D)
  An oklob plant (D)
  8 shining eyes (D)
  2 merfolk sirens (D)
  A gargoyle (D)
  4 demonic crawlers (D)
  2 kobold demonologists (D)
  A hellwing (D)
  A hornet (D)
  A slime creature (D)
  Sigmund (D)
  A yak (D)
  2 redbacks (D)
  13 hogs (D)
  7 floating eyes (D)
  An ogre (D)
  7 necrophages (D)
  8 jellies (D)
  Ijyb (D)
  5 ballistomycetes (D)
74 creatures vanquished.

Vanquished Creatures (others)
  Sonja (D)
  A gargoyle (D)
  2 ballistomycete spores (D)
4 creatures vanquished.

Grand Total: 78 creatures vanquished

Notes
Turn   | Place    | Note
-------+----------+-------------------------------------------
     0 | D        | Dfrag the Troll Monk began the quest for the Orb.
     0 | D        | Reached XP level 1. HP: 22/22 MP: 0/0
     1 | D        | Noticed Ijyb
    10 | D        | Killed Ijyb
    10 | D        | Reached skill level 4 in Unarmed Combat
    10 | D        | Reached XP level 2. HP: 31/31 MP: 1/1
   116 | D        | Noticed an ogre
   124 | D        | HP: 1/31 [ogre/giant club (20)]
   126 | D        | Killed an ogre
   126 | D        | Reached skill level 5 in Fighting
   126 | D        | Reached skill level 5 in Dodging
   126 | D        | Reached skill level 6 in Unarmed Combat
   126 | D        | Reached XP level 3. HP: 3/42 MP: 2/2
   126 | D        | Reached XP level 4. HP: 3/50 MP: 3/3
   210 | D        | Noticed Sigmund
   217 | D        | Killed Sigmund
   217 | D        | Reached skill level 7 in Unarmed Combat
   217 | D        | Reached XP level 5. HP: 50/61 MP: 4/4
   217 | D        | Reached XP level 6. HP: 56/68 MP: 5/5
   367 | D        | Found a deep blue altar of Sif Muna.
   369 | D        | Found a radiant altar of Vehumet.
   371 | D        | Reached skill level 8 in Unarmed Combat
   376 | D        | Found Cautsug's Antique Weapon Emporium.
   376 | D        | Found an ancient bone altar of Kikubaaqudgha.
   376 | D        | Found a hazy altar of Hepliaklqana.
   376 | D        | Found a stormy altar of Qazlal.
   376 | D        | Found a hide-covered altar of Uskayaw.
   376 | D        | Found a blossoming altar of Fedhas.
   376 | D        | Found a bloodstained altar of Trog.
   376 | D        | Found an iron altar of Okawaru.
   376 | D        | Found a basalt altar of Yredelemnul.
   376 | D        | Found a glowing golden altar of the Shining One.
   376 | D        | Found a snail-covered altar of Cheibriados.
   376 | D        | Found a sacrificial altar of Ru.
   376 | D        | Found a glowing silver altar of Zin.
   376 | D        | Found a shadowy altar of Dithmenos.
   376 | D        | Found a white marble altar of Elyvilon.
   376 | D        | Noticed a yak
   383 | D        | Killed a yak
   383 | D        | Reached skill level 9 in Unarmed Combat
   384 | D        | Found an opulent altar of Gozag.
   387 | D        | Found a sparkling altar of Nemelex Xobeh.
   395 | D        | Became a worshipper of Warmaster Okawaru
   395 | D        | Reached * piety under Okawaru
   395 | D        | Reached ** piety under Okawaru
   432 | D        | Found a burning altar of Makhleb.
   432 | D        | Found a viscous altar of Jiyva.
   432 | D        | Found a shimmering altar of Xom.
   432 | D        | Found a corrupted altar of Lugonu.
   432 | D        | Noticed a slime creature
   436 | D        | Killed a slime creature
   436 | D        | Reached XP level 7. HP: 68/80 MP: 3/6
   476 | D        | Noticed a kobold demonologist
   477 | D        | Noticed a kobold demonologist
   479 | D        | Reached skill level 10 in Unarmed Combat
   486 | D        | Killed a kobold demonologist
   486 | D        | Reached *** piety under Okawaru
   486 | D        | Reached XP level 8. HP: 91/92 MP: 4/7
   492 | D        | Killed a kobold demonologist
   492 | D        | Reached skill level 11 in Unarmed Combat
   509 | D        | Noticed a demonic crawler
   509 | D        | Noticed a demonic crawler
   509 | D        | Noticed a demonic crawler
   509 | D        | Noticed a demonic crawler
   537 | D        | Killed a demonic crawler
   544 | D        | Killed a demonic crawler
   544 | D        | Reached **** piety under Okawaru
   544 | D        | Reached skill level 10 in Fighting
   544 | D        | Reached skill level 10 in Dodging
   546 | D        | Killed a demonic crawler
   546 | D        | Reached skill level 12 in Unarmed Combat
   546 | D        | Reached XP level 9. HP: 50/101 MP: 5/8
   552 | D        | Killed a demonic crawler
   669 | D        | Noticed Sonja
   806 | D        | Killed Sonja
   869 | D        | Found Pagh's General Store.
   877 | D        | Bought a scroll of identify for 22 gold pieces
   877 | D        | Bought a scroll of identify for 22 gold pieces
   877 | D        | Bought 3 scrolls of magic mapping for 115 gold pieces
   944 | D        | Noticed a deep troll
   969 | D        | Killed a deep troll
   969 | D        | Reached skill level 13 in Unarmed Combat
  1023 | D        | Found Noebrue's Armour Emporium.
  1027 | D        | Bought a +2 cloak for 165 gold pieces
  1049 | D        | Noticed a centaur warrior
  1051 | D        | Killed a centaur warrior
  1052 | D        | Noticed a centaur warrior
  1056 | D        | Killed a centaur warrior
  1056 | D        | Reached ***** piety under Okawaru
  1056 | D        | Reached XP level 10. HP: 113/115 MP: 9/9
  1070 | D        | Paralysed by a hornet for 3 turns
  1078 | D        | Received a gift from Okawaru
  1097 | D        | Noticed an oklob plant
  1103 | D        | Killed an oklob plant
  1103 | D        | Reached skill level 14 in Unarmed Combat
  1181 | D        | Killed a gargoyle
  1241 | D        | Killed an unseen horror
  1251 | D        | Killed an unseen horror
  1396 | D        | Reached skill level 15 in Unarmed Combat
  1428 | D        | Found Zookitti's Armour Shoppe.
  1428 | D        | Found Erey's Assorted Antiques.
  1428 | D        | Found Poxodoor's Jewellery Boutique.
  1430 | D        | Found Voji's General Store.
  1430 | D        | Found Riurirr's Armour Shop.
  1430 | D        | Found Kaupni's Food Shoppe.
  1430 | D        | Found Nedosh's Antique Armour Boutique.
  1430 | D        | Found Vumoimn's Antique Armour Emporium.
  1430 | D        | Found Afeg's General Store.
  1430 | D        | Found Oxim Bax's Assorted Antiques.
  1433 | D        | Found Uxza Nur's Magic Scroll Boutique.
  1434 | D        | Found Naanto's Jewellery Emporium.
  1434 | D        | Found Lumyiz's Armour Boutique.
  1435 | D        | Found Vocuad's General Store.
  1450 | D        | Bought a scroll of identify for 24 gold pieces
  1451 | D        | Bought a scroll of blinking for 120 gold pieces
  1451 | D        | Bought a potion of berserk rage for 80 gold pieces
  1451 | D        | Bought a blue potion for 14 gold pieces
  1451 | D        | Bought a blue potion for 14 gold pieces
  1500 | D        | Noticed a shining eye
  1500 | D        | Noticed a shining eye
  1500 | D        | Noticed a shining eye
  1505 | D        | Noticed a shining eye
  1507 | D        | Paralysed by a floating eye for 3 turns
  1516 | D        | Gained mutation: You are somewhat resistant to further mutation. [a shining eye]
  1521 | D        | Killed a shining eye
  1521 | D        | Received a gift from Okawaru
  1521 | D        | Reached XP level 11. HP: 126/126 MP: 10/10
  1521 | D        | Gained mutation: You tend to lose your temper in combat. [a shining eye]
  1526 | D        | Killed a shining eye
  1531 | D        | Killed a shining eye
  1533 | D        | Got an ichor-stained robe {god gift}
  1544 | D        | Identified the +2 robe "Weuxkoq" {rC+ Str+6 Slay+3} (Okawaru gifted it to you in the Dungeon)
  1550 | D        | Noticed a shining eye
  1551 | D        | Noticed a shining eye
  1552 | D        | Noticed a shining eye
  1552 | D        | Noticed a shining eye
  1554 | D        | Killed a shining eye
  1554 | D        | Gained mutation: Your muscles are strong. (Str +2) [a shining eye]
  1557 | D        | Killed a shining eye
  1558 | D        | Gained mutation: Potions and wands are less effective at restoring your health. [a shining eye]
  1561 | D        | Killed a shining eye
  1564 | D        | Killed a shining eye
  1569 | D        | Killed a shining eye
  1569 | D        | Reached skill level 16 in Unarmed Combat
  1575 | D        | Found Uthaurph's Book Shop.
  1575 | D        | Found Mioj's Weapon Emporium.
  1575 | D        | Found Itaz's Assorted Antiques.
  1576 | D        | Found Ecacycos's Weapon Shoppe.
  1589 | D        | Bought a scroll labeled HERUFA JIONU for 29 gold pieces
  1589 | D        | Bought a scroll labeled HERUFA JIONU for 29 gold pieces
  1589 | D        | Bought a scroll labeled GAHAOR ENI GOXOA for 29 gold pieces
  1640 | D        | Noticed a lindwurm
  1648 | D        | Killed a lindwurm
  1786 | D        | Noticed a daeva
  1793 | D        | Noticed a 12-headed hydra
  1795 | D        | Killed a 13-headed hydra
  2002 | D        | Noticed a shadow dragon
  2003 | D        | Noticed a golden dragon
  2013 | D        | Noticed a deep elf annihilator
  2056 | D        | Reached ****** piety under Okawaru
  2056 | D        | Reached skill level 17 in Unarmed Combat
  2183 | D        | Slain by a lorocyproca

Vault maps used:
D:        dungeon_sprint_1

Skill      XL: |  1  2  3  4  5  6  7  8  9 10 11 |
---------------+----------------------------------+-----
Fighting       | 3 5 6 8 9 10 11 13 14 | 14.7
Dodging        | 3 5 6 8 10 11 13 14 | 14.3
Unarmed Combat | 4 6 7 9 10 12 13 15 17 | 17.0
Invocations    | 3 |  3.6
Stealth        | |  1.0

Action                   |  1- 3 |  4- 6 |  7- 9 | 10-12 || total
-------------------------+-------+-------+-------+-------++-------
Melee: Unarmed           |    16 |    16 |    62 |   172 ||   266
       Punch             |       |     2 |     7 |    15 ||    24
Invok: Heroism           |       |     1 |     2 |       ||     3
  Use: Potion            |       |       |     2 |       ||     2
       Scroll            |       |       |     1 |     7 ||     8
 Stab: Distracted        |       |       |     2 |       ||     2
       Sleeping          |       |       |     1 |     2 ||     3
  Eat: Chunk             |       |     8 |     7 |     5 ||    20
Armor: Robe              |     2 |     1 |    12 |    18 ||    33
       Troll leather arm |       |       |     2 |    31 ||    33
Dodge: Dodged            |     8 |     4 |    82 |    67 ||   161
